 Dungeon Crawl Stone Soup version 0.26.1 (webtiles) character file.

Game seed: 16234920603707334233

102172 leafyfresh the Thaumaturge (level 16, -3/86 HPs)
             Began as a Gnoll Hedge Wizard on Feb 7, 2021.
             Was a High Priest of Cheibriados.
             Slain by a tentacled monstrosity (4 damage)
             ... on level 4 of the Abyss on Feb 8, 2021.
             The game lasted 02:22:41 (39553 turns).

leafyfresh the Thaumaturge (Gnoll Hedge Wizard)    Turns: 39553, Time: 02:22:41

Health: -3/86      AC: 14    Str: 22      XL:     16   Next: 32%
Magic:  6/22       EV: 16    Int: 34 (40) God:    Cheibriados [*****.]
Gold:   1813       SH: 31    Dex: 20      Spells: 6/40 levels left

rFire    + . .     SeeInvis .   y - +1 mace of Connidus {vorpal, rElec Int+4} (curse)
rCold    . . .     Faith    .   F - +18 shield of the Gong {rElec rN+ Will+ EV-5}
rNeg     + + .     Spirit   .   P - +0 robe of Card Tricks {rElec rN+ Dex-3 Slay+5} (curse)
rPois    .         Reflect  .   N - +2 hat
rElec    +         Harm     .   r - +2 cloak
rCorr    .         Rampage  .   D - +2 pair of gloves
Will     ++...     Rnd*Rage +   C - +2 pair of boots Stlth +++++.....Rnd*Tele +
                                d - amulet of the acrobat
HPRegen  0.00/turn              U - ring of wizardry
MPRegen  0.18/turn              l - +6 ring of intelligence

@: slightly contaminated, non-regenerating, diseased, invisible, very slow
A: distributed training, fangs 1, [berserk 2], blurry vision 3, [clumsy 2],
deformed body, deterioration 1[+1], dopey 2, fire resistance 1, frail 1[+2],
[low mp 3], screaming 1[+2], [inhibited regeneration], teleportitis 1[+2], weak
2, wild magic 1, [subdued magic 3], strong nose
a: Renounce Religion, Bend Time, Temporal Distortion, Slouch, Step From Time


You were on level 4 of the Abyss.
You worshipped Cheibriados.
Cheibriados was extremely pleased with you.
You visited 7 branches of the dungeon, and saw 25 of its levels.
You visited the Abyss 1 time.

You collected 1984 gold pieces.
You spent 171 gold pieces at shops.

Inventory:

Hand Weapons
 p - a +5 battleaxe of freezing
 y - the cursed +1 mace of Connidus (weapon) {vorpal, rElec Int+4}
   (You found it on level 2 of the Elven Halls)

   It inflicts extra damage upon your enemies.
   It affects your intelligence (+4).
   It insulates you from electricity.
   It has a curse placed upon it.
 M - a cursed -2 hand crossbow
 T - a +1 trident of protection
Missiles
 k - 17 atropa-tipped darts
 t - 8 boomerangs
 I - 119 poisoned darts
Armour
 r - a +2 cloak (worn)
 C - a +2 pair of boots (worn)
 D - a +2 pair of gloves (worn)
 F - the +18 shield of the Gong (worn) {rElec rN+ Will+ EV-5}
   (You found it on level 7 of the Dungeon)

   It affects your evasion (-5).
   It insulates you from electricity.
   It protects you from negative energy.
   It affects your willpower, your defense against some magical effects.
 N - a +2 hat (worn)
 P - the cursed +0 robe of Card Tricks (worn) {rElec rN+ Dex-3 Slay+5}
   (You found it on level 10 of the Dungeon)

   It affects your dexterity (-3).
   It affects your accuracy and damage with ranged weapons and melee attacks
   (+5).
   It insulates you from electricity.
   It protects you from negative energy.
   It has a curse placed upon it.
Jewellery
 d - an amulet of the acrobat (around neck)
 f - an uncursed ring of poison resistance
 g - the ring of Ethics {Ice Will++ Str+3 Int+3, unknown}
   (You found it on level 4 of the Abyss)

   [ring of ice]

   It enhances your ice magic.
   It affects your strength (+3).
   It affects your intelligence (+3).
   It makes you vulnerable to fire.
   It protects you from cold.
   It affects your willpower, your defense against some magical effects.
 l - a +6 ring of intelligence (right hand)
 u - a cursed ring of teleportation {unknown}
 A - an uncursed ring of willpower
 E - an uncursed ring of see invisible
 U - a ring of wizardry (left hand)
Wands
 n - a wand of paralysis (8)
 o - a wand of iceblast (23)
 q - a wand of enslavement (2)
 s - a wand of polymorph (20) (quivered)
 W - a wand of digging (6)
Scrolls
 b - a scroll of brand weapon {unknown}
 c - a scroll of summoning {unknown}
 e - a scroll of fear
 h - 10 scrolls of remove curse
 w - 3 scrolls of amnesia
 x - a scroll of vulnerability
 L - 3 scrolls of fog
Potions
 a - 2 potions of magic
 i - 2 potions of cancellation
 m - 4 potions of brilliance
 B - 4 potions of lignification
 X - a potion of flight
Miscellaneous
 O - a condenser vane (inert)


   Skills:
 + Level 10.7 Fighting
 + Level 10.7 Short Blades
 + Level 10.7 Long Blades
 + Level 10.7 Axes
 + Level 10.7 Maces & Flails
 + Level 10.7 Polearms
 + Level 10.7 Staves
 + Level 10.7 Slings
 + Level 10.7 Bows
 + Level 10.7 Crossbows
 + Level 10.7 Throwing
 + Level 10.7 Armour
 + Level 11.5 Dodging
 + Level 11.4 Stealth
 + Level 10.7 Shields
 + Level 10.7 Unarmed Combat
 + Level 12.6 Spellcasting
 + Level 9.3 Conjurations
 + Level 9.1 Hexes
 + Level 9.3 Summonings
 + Level 9.1 Necromancy
 + Level 9.3 Translocations
 + Level 9.1 Transmutations
 + Level 9.1 Fire Magic
 + Level 9.1 Ice Magic
 + Level 9.1 Air Magic
 + Level 9.1 Earth Magic
 + Level 9.1 Poison Magic
 + Level 11.6 Invocations
 + Level 10.7 Evocations


You had 6 spell levels left.
You knew the following spells:

 Your Spells              Type           Power        Failure   Level
a - Magic Dart            Conj           100%         1%          1
b - Mephitic Cloud        Conj/Pois/Air  55%          1%          3
c - Blink                 Tloc           N/A          1%          2
d - Conjure Flame         Conj/Fire      55%          1%          3
e - Call Imp              Summ           55%          1%          2
f - Invisibility          Hex            54%          4%          6
g - Petrify               Tmut/Erth      54%          1%          4
i - Olgreb's Toxic Radia  Pois           54%          1%          4
j - Ignite Poison         Fire/Tmut/Pois 54%          1%          3
k - Ozocubu's Armour      Ice            54%          1%          3
l - Frozen Ramparts       Ice            100%         1%          3

Your spell library contained the following spells:

 Spells                   Type           Power        Failure   Level
 Animate Skeleton         Necr           100%         1%          1
 Apportation              Tloc           100%         1%          1
 Corona                   Hex            60%          1%          1
 Freeze                   Ice            100%         1%          1
 Pain                     Necr           100%         1%          1
 Sting                    Tmut/Pois      100%         1%          1
 Summon Small Mammal      Summ           100%         1%          1
 Poisonous Vapours        Pois/Air       100%         1%          2
 Slow                     Hex            54%          1%          2
 Confusing Touch          Hex            54%          1%          3
 Gell's Gravitas          Tloc           27%          1%          3
 Lesser Beckoning         Tloc           27%          1%          3
 Tukima's Dance           Hex            54%          1%          3
 Vampiric Draining        Necr           27%          1%          3
 Animate Dead             Necr           27%          1%          4
 Hailstorm                Conj/Ice       55%          1%          4
 Summon Ice Beast         Ice/Summ       55%          1%          4
 Summon Lightning Spire   Summ/Air       55%          1%          4
 Agony                    Necr           54%          1%          5
 Alistair's Intoxication  Tmut/Pois      36%          1%          5
 Metabolic Englaciation   Hex/Ice        27%          1%          5
 Silence                  Hex/Air        27%          1%          5
 Yara's Violent Unravell  Hex/Tmut       27%          1%          5
 Conjure Ball Lightning   Conj/Air       27%          4%          6
 Tornado                  Air            27%          100%        9


Dungeon Overview and Level Annotations

Branches:
Dungeon (12/15)            Temple (1/1) D:4            Lair (6/6) D:9
 Shoals (0/4) Lair:2        Snake (1/4) Lair:3        Slime (1/5) Lair:5
    Orc (2/2) D:12            Elf (2/3) Orc:2

Altars:
Ashenzari
Cheibriados
Fedhas
Gozag
Hepliaklqana
Makhleb
Nemelex Xobeh
Okawaru
Qazlal
Ru
Trog
Vehumet
Xom
Yredelemnul
Jiyva

Shops:
D:11 !(**   Orc:2 ![}!   Elf:2 ?


Innate Abilities, Weirdness & Mutations

Your experience applies equally to all skills.
You have very sharp teeth.
Your uncanny sense of smell can sniff out nearby items.
Scrolls take you much longer to read.
Armour fits poorly on your strangely shaped body.
You are very dopey. (Int -4)
Your flesh is heat resistant. (rF+)
You are very weak. (Str -4)
Your spells are a little harder to cast, but a little more powerful.
[You often lose your temper in combat.]
[You are very clumsy. (Dex -4)]
[Your body often deteriorates upon taking damage.]
[You are extremely frail. (-30% HP)]
[Your magical capacity is extremely low. (-30% MP)]
[You frequently scream uncontrollably at your foes.]
[You do not regenerate when monsters are visible.]
[You are often teleported next to monsters.]
[Your spells are much easier to cast, but much less powerful.]


Message History

GONNNNG!
You block the tentacled monstrosity's attack.
BONNNG!
The tentacled monstrosity barely misses you.
You block the tentacled monstrosity's attack.
SHROANNG!
A starcursed mass splits.
You hear a hideous shriek!
You hear a bark!
Unknown command.
Aiming: Enslavement
Press: ? - help, Shift-Dir - straight line, f/p - tentacled monstrosity
Aim: a tentacled monstrosity (moderately wounded, dazed, chance to affect: 0%)
The tentacled monstrosity resists with almost no effort.
The wretched star glows turbulently.
You block the lance of force.
BONNNG!
You block the tentacled monstrosity's attack.
BONNNG!
The tentacled monstrosity tentacle-slaps you.
You die...

. . . #
..... . .
. .#
...... #
# # .
...# ###
#. # .
.... ...
#.##...
ยง . ..
.X.......
. . # #X
.*.. # #
#X#.##
###.#@#
### .....
.. #34 .
... # . #
. # . .


You could see 2 starcursed masses, a tentacled monstrosity (dazed) and a
wretched star.

Vanquished Creatures
  A tentacled starspawn (Abyss:2)
  A stone giant (D:12)
  A vampire knight (D:10)
  An ettin (D:10)
  A deep elf high priest (Elf:1)
  4 hydras
  A great orb of eyes (D:10)
  Fannar (D:10)
  A naga warrior (Lair:3)
  4 two-headed ogres
  2 centaur warriors (D:11)
  A satyr (shapeshifter) (D:10)
  3 death yaks (D:9)
  Erica (Lair:1)
  A hell hog (Abyss:2)
  13 dancing weapons
  5 orc high priests (Orc:2)
  A tengu warrior (D:11)
  The ghost of casanoah the Zephyrmancer, a journeyman TeAE of Gozag (D:10)
  8 deep elf knights
  A wretched star (Abyss:3)
  2 unseen horrors
  5 deep elf archers
  A glowing orange brain (shapeshifter) (Elf:1)
  A lindwurm (Lair:6)
  11 orc knights
  36 deep elf magi
  An ugly thing (D:11)
  3 orc sorcerers
  2 cyclopes
  A merfolk siren (Lair:2)
  6 black mambas
  An orange demon (Abyss:3)
  27 cane toads
  A rime drake (shapeshifter) (Elf:2)
  5 rime drakes
  3 komodo dragons
  5 trolls
  3 merfolk (Lair:2)
  2 polar bears
  A meliai (D:10)
  A large abomination (Abyss:2)
  A wind drake (shapeshifter) (D:11)
  22 blink frogs
  2 raiju (Abyss:2)
  13 dream sheep
  An air elemental (Elf:2)
  6 wyverns
  A ynoxinul (Abyss:2)
  A wraith (D:10)
  A basilisk (Lair:3)
  37 yaks
  2 fire elementals (Elf:1)
  3 vampire mosquitoes (Lair:6)
  A chaos spawn (Abyss:2)
  3 wargs
  2 nagas (Lair:3)
  3 soldier ants
  11 water moccasins
  Duvessa (D:4)
  A water moccasin (shapeshifter) (Elf:2)
  30 orc warriors
  A hornet zombie (D:8)
  3 ice beasts
  A sky beast (D:6)
  2 phantoms
  A necrophage (D:11)
  An eye of draining (D:12)
  12 ogres
  5 black bears
  14 wolves
  5 centaurs
  31 bullfrogs
  A wyvern zombie (D:10)
  3 earth elementals
  A wyvern skeleton (D:11)
  Dowan (D:4)
  5 scorpions
  A killer bee (D:9)
  3 howler monkeys
  2 electric eels (D:6)
  A bullfrog zombie (D:9)
  3 quasits
  An iron imp (D:8)
  28 orc priests
  2 bullfrog skeletons
  6 hounds
  4 jellies
  2 centaur zombies
  5 centaur skeletons
  An iguana (shapeshifter) (D:12)
  Natasha (thrice) (D:2)
  5 iguanas
  16 orc wizards
  5 worker ants
  2 hound skeletons
  A worker ant zombie (D:9)
  4 gnolls (D:4)
  14 adders
  3 river rats (D:6)
  2 shadow imps
  8 white imps
  3 ufetubi
  2 oozes
  2 adder skeletons
  8 worms
  4 leopard geckos
  56 orcs
  3 ball pythons
  A bat (D:1)
  3 giant cockroaches
  4 goblins
  5 hobgoblins
  18 jackals
  9 kobolds
  6 quokkas
  3 frilled lizards
  A quokka skeleton (D:9)
  12 rats
  A butterfly (D:4)
  2 starspawn tentacles (Abyss:2)
665 creatures vanquished.

Vanquished Creatures (collateral kills)
  An iguana (D:10)
  An orc (D:10)
2 creatures vanquished.

Vanquished Creatures (others)
  A thrashing horror (Abyss:3)
  An eye of draining (shapeshifter) (Elf:1)
  A bullfrog (Lair:1)
  An orc (Orc:2)
  A bush (Lair:4)
  40 fungi
  188 plants
  3 starspawn tentacles (Abyss:2)
  4 toadstools (D:1)
240 creatures vanquished.

Grand Total: 907 creatures vanquished

Notes
Turn   | Place    | Note
-------+----------+-------------------------------------------
     0 | D:1      | leafyfresh the Gnoll Hedge Wizard began the quest for the
                  | Orb.
     0 | D:1      | Reached XP level 1. HP: 13/13 MP: 8/8
   151 | D:1      | Reached XP level 2. HP: 5/19 MP: 6/10
  2202 | D:2      | Reached XP level 3. HP: 23/25 MP: 4/11
  2548 | D:2      | HP: 1/25 [worm (8)]
  2870 | D:2      | Reached skill level 1 in Invocations
  2932 | D:2      | Noticed Natasha
  2947 | D:2      | Killed Natasha
  2948 | D:2      | Reached skill level 1 in Fighting
  2948 | D:2      | Reached skill level 1 in Short Blades
  2948 | D:2      | Reached skill level 1 in Long Blades
  2948 | D:2      | Reached skill level 1 in Axes
  2948 | D:2      | Reached skill level 1 in Maces & Flails
  2948 | D:2      | Reached skill level 1 in Polearms
  2948 | D:2      | Reached skill level 1 in Staves
  2948 | D:2      | Reached skill level 1 in Slings
  2948 | D:2      | Reached skill level 1 in Bows
  2948 | D:2      | Reached skill level 1 in Crossbows
  2948 | D:2      | Reached skill level 1 in Throwing
  2948 | D:2      | Reached skill level 1 in Armour
  2948 | D:2      | Reached skill level 1 in Shields
  2948 | D:2      | Reached skill level 1 in Unarmed Combat
  2948 | D:2      | Reached skill level 1 in Evocations
  2948 | D:2      | Reached XP level 4. HP: 12/32 MP: 2/13
  3151 | D:2      | Learned a level 3 spell: Mephitic Cloud
  3154 | D:2      | Learned a level 2 spell: Blink
  3158 | D:2      | Learned a level 3 spell: Conjure Flame
  3161 | D:2      | Learned a level 2 spell: Call Imp
  3531 | D:2      | Reached skill level 1 in Hexes
  3531 | D:2      | Reached skill level 1 in Necromancy
  3531 | D:2      | Reached skill level 1 in Transmutations
  3531 | D:2      | Reached skill level 1 in Fire Magic
  3531 | D:2      | Reached skill level 1 in Ice Magic
  3531 | D:2      | Reached skill level 1 in Air Magic
  3531 | D:2      | Reached skill level 1 in Earth Magic
  3531 | D:2      | Reached skill level 1 in Poison Magic
  3815 | D:2      | Reached XP level 5. HP: 35/37 MP: 7/14
  3913 | D:2      | Noticed a moth of wrath
  3916 | D:2      | Found a bloodstained altar of Trog.
  4212 | D:2      | Noticed Natasha
  4221 | D:2      | Killed Natasha
  4551 | D:2      | Noticed Natasha
  4565 | D:2      | Killed Natasha
  5639 | D:3      | Found a basalt altar of Yredelemnul.
  5639 | D:3      | Found a bloodstained altar of Trog.
  6021 | D:4      | Reached XP level 6. HP: 38/44 MP: 8/16
  6523 | D:4      | Got a wavering golden amulet
  6558 | D:4      | Noticed a phantom
  6576 | D:4      | Reached skill level 5 in Dodging
  6975 | D:4      | Noticed Duvessa
  6975 | D:4      | Noticed Dowan
  7155 | D:4      | Killed a phantom
  7818 | D:4      | Found a staircase to the Ecumenical Temple.
  7959 | Temple   | Entered the Ecumenical Temple
  7969 | Temple   | Became a worshipper of Cheibriados the Contemplative
  8002 | D:5      | Entered Level 5 of the Dungeon
  8015 | D:5      | Reached XP level 7. HP: 36/50 MP: 18/18
  8286 | D:5      | Identified the amulet "Witt" {Inacc rF+} (You found it on
                  | level 4 of the Dungeon)
  8527 | D:5      | Reached skill level 5 in Stealth
  8619 | D:5      | Reached * piety under Cheibriados
  9515 | D:6      | Reached XP level 8. HP: 23/57 MP: 14/19
  9725 | D:6      | Found an opulent altar of Gozag.
 10330 | D:6      | Reached skill level 8 in Spellcasting
 10873 | D:6      | Reached ** piety under Cheibriados
 11425 | D:6      | Reached XP level 9. HP: 65/65 MP: 18/21
 11694 | D:6      | Found a radiant altar of Vehumet.
 12223 | D:7      | Found an iron altar of Okawaru.
 12622 | D:7      | Found the +18 shield of the Gong {rElec rN+ Will+ EV-5}
 13295 | D:8      | Reached *** piety under Cheibriados
 13623 | D:8      | Found a burning altar of Makhleb.
 14141 | D:8      | Reached skill level 5 in Invocations
 14501 | D:9      | Noticed a two-headed ogre
 14505 | D:9      | Noticed a deep elf mage
 14685 | D:9      | Reached **** piety under Cheibriados
 14689 | D:9      | Killed a two-headed ogre
 14690 | D:9      | Reached skill level 5 in Fighting
 14690 | D:9      | Reached skill level 5 in Short Blades
 14690 | D:9      | Reached skill level 5 in Long Blades
 14690 | D:9      | Reached skill level 5 in Axes
 14690 | D:9      | Reached skill level 5 in Maces & Flails
 14690 | D:9      | Reached skill level 5 in Polearms
 14690 | D:9      | Reached skill level 5 in Staves
 14690 | D:9      | Reached skill level 5 in Slings
 14690 | D:9      | Reached skill level 5 in Bows
 14690 | D:9      | Reached skill level 5 in Crossbows
 14690 | D:9      | Reached skill level 5 in Throwing
 14690 | D:9      | Reached skill level 5 in Armour
 14690 | D:9      | Reached skill level 5 in Shields
 14690 | D:9      | Reached skill level 5 in Unarmed Combat
 14690 | D:9      | Reached skill level 5 in Evocations
 14690 | D:9      | Reached XP level 10. HP: 65/74 MP: 19/22
 14733 | D:9      | Killed a deep elf mage
 14743 | D:9      | Reached skill level 9 in Spellcasting
 14752 | D:9      | Noticed a death yak
 14764 | D:9      | Noticed a death yak
 14767 | D:9      | Noticed a death yak
 15104 | D:9      | Learned a level 3 spell: Confusing Touch
 15365 | D:9      | Found a staircase to the Lair.
 15399 | Lair:1   | Entered Level 1 of the Lair of Beasts
 15402 | Lair:1   | Reached skill level 5 in Conjurations
 15402 | Lair:1   | Reached skill level 5 in Summonings
 15402 | Lair:1   | Reached skill level 5 in Translocations
 15408 | Lair:1   | Noticed Erica
 15416 | Lair:1   | Noticed a cane toad
 15426 | Lair:1   | Killed Erica
 15441 | Lair:1   | Killed a cane toad
 15446 | Lair:1   | Noticed a cane toad
 15574 | Lair:1   | Noticed a cane toad
 15578 | Lair:1   | Killed a cane toad
 15580 | Lair:1   | Noticed a cane toad
 15596 | D:9      | Killed a cane toad
 15596 | D:9      | Reached ***** piety under Cheibriados
 15599 | D:9      | Reached XP level 11. HP: 36/81 MP: 14/24
 16216 | D:10     | Entered Level 10 of the Dungeon
 16250 | D:10     | Noticed an ettin
 16263 | D:10     | Killed an ettin
 16264 | D:10     | Reached skill level 5 in Hexes
 16264 | D:10     | Reached skill level 5 in Necromancy
 16264 | D:10     | Reached skill level 5 in Transmutations
 16264 | D:10     | Reached skill level 5 in Fire Magic
 16264 | D:10     | Reached skill level 5 in Ice Magic
 16264 | D:10     | Reached skill level 5 in Air Magic
 16264 | D:10     | Reached skill level 5 in Earth Magic
 16264 | D:10     | Reached skill level 5 in Poison Magic
 16269 | D:10     | Noticed a harpy
 16269 | D:10     | a human changed into a harpy
 16513 | D:10     | Noticed Fannar
 16527 | D:10     | Killed Fannar
 16528 | D:10     | Noticed a great orb of eyes
 16534 | D:10     | Noticed a vampire knight
 16543 | D:10     | Killed a great orb of eyes
 16546 | D:10     | Noticed a two-headed ogre
 16567 | D:10     | Noticed an unseen horror
 16869 | D:10     | Gained mutation: You are agile. (Dex +2) [potion of
                  | mutation]
 16869 | D:10     | Gained mutation: You can translocate small distances at
                  | will. [potion of mutation]
 16972 | D:10     | Noticed an anaconda
 16975 | D:10     | Noticed an ice dragon
 16975 | D:10     | an anaconda changed into an ice dragon
 16975 | D:10     | Noticed a spark wasp
 16975 | D:10     | an ice dragon changed into a spark wasp
 16982 | D:10     | Noticed an entropy weaver
 16982 | D:10     | a spark wasp changed into an entropy weaver
 16983 | D:10     | Noticed a ghost moth
 16983 | D:10     | an entropy weaver changed into a ghost moth
 16985 | D:10     | Noticed a fire dragon
 16985 | D:10     | a ghost moth changed into a fire dragon
 16987 | D:10     | Found a large runed translucent door.
 16987 | D:10     | Found a large runed translucent door.
 16988 | D:10     | Noticed casanoah's ghost (journeyman TeAE)
 18321 | D:4      | Killed Dowan
 18372 | D:4      | Killed Duvessa
 18746 | D:9      | Learned a level 4 spell: Petrify
 18757 | D:9      | Killed a death yak
 18769 | D:9      | Killed a death yak
 18787 | D:9      | Killed a death yak
 19143 | D:10     | Got a brightly glowing robe
 19173 | D:10     | Identified the cursed +0 robe of Card Tricks {rElec rN+
                  | Dex-3 Slay+5} (You found it on level 10 of the Dungeon)
 19533 | Lair:1   | Reached XP level 12. HP: 69/89 MP: 25/25
 19834 | Lair:1   | Noticed a four-headed hydra
 20023 | Lair:1   | Lost mutation: You can translocate small distances at will.
                  | [potion of mutation]
 20023 | Lair:1   | Lost mutation: You are agile. (Dex +2) [potion of mutation]
 20023 | Lair:1   | Gained mutation: You are dopey. (Int -2) [potion of
                  | mutation]
 20023 | Lair:1   | Gained mutation: Your flesh is heat resistant. (rF+)
                  | [potion of mutation]
 20023 | Lair:1   | Gained mutation: You are weak. (Str -2) [potion of
                  | mutation]
 20023 | Lair:1   | Gained mutation: Your spells are a little harder to cast,
                  | but a little more powerful. [potion of mutation]
 20146 | Lair:1   | Reached skill level 10 in Spellcasting
 20161 | Lair:1   | Killed a one-headed hydra
 21695 | Lair:2   | Noticed a four-headed hydra
 21714 | Lair:1   | Killed a four-headed hydra
 22144 | Lair:1   | Learned a level 5 spell: Metabolic Englaciation
 22806 | Lair:2   | Found a staircase to the Shoals.
 23252 | Lair:3   | Noticed a six-headed hydra
 23263 | Lair:3   | Killed a six-headed hydra
 23280 | Lair:3   | Reached XP level 13. HP: 98/98 MP: 27/27
 23780 | Lair:3   | Found a staircase to the Snake Pit.
 26089 | Lair:4   | Reached skill level 11 in Spellcasting
 27580 | Lair:5   | Found a staircase to the Slime Pits.
 27581 | Lair:5   | Found a viscous altar of Jiyva.
 27910 | Lair:5   | Found a shimmering altar of Xom.
 28220 | Lair:6   | Entered Level 6 of the Lair of Beasts
 28883 | Lair:6   | Reached XP level 14. HP: 87/106 MP: 21/29
 28987 | Lair:5   | Reached skill level 10 in Dodging
 29305 | Slime:1  | Entered Level 1 of the Pits of Slime
 29305 | Slime:1  | Noticed an acid blob
 29392 | Snake:1  | Entered Level 1 of the Snake Pit
 29437 | Lair:3   | Learned a level 4 spell: Olgreb's Toxic Radiance
 29441 | Lair:3   | Learned a level 3 spell: Ignite Poison
 29690 | D:10     | Killed a vampire knight
 29717 | D:10     | Reached skill level 10 in Stealth
 30510 | D:10     | Killed casanoah's ghost
 30777 | D:11     | Reached skill level 10 in Invocations
 31401 | D:11     | Learned a level 3 spell: Ozocubu's Armour
 31405 | D:11     | Learned a level 3 spell: Frozen Ramparts
 31475 | D:11     | Found Cuwot's Distillery.
 31487 | D:11     | Bought a potion of might for 60 gold pieces
 31487 | D:11     | Bought a potion of heal wounds for 75 gold pieces
 31526 | D:11     | Found Vomup's Assorted Antiques.
 31666 | D:11     | Found Jusmola's Weapon Emporium.
 31891 | D:11     | Found Fuheumit's Assorted Antiques.
 32238 | D:12     | Reached ****** piety under Cheibriados
 32443 | D:12     | Found a staircase to the Orcish Mines.
 32926 | Orc:1    | Entered Level 1 of the Orcish Mines
 32926 | Orc:1    | Noticed a stone giant
 32940 | D:12     | Killed a stone giant
 33327 | Orc:2    | Entered Level 2 of the Orcish Mines
 33594 | Orc:2    | Found a staircase to the Elven Halls.
 33672 | Orc:2    | Reached XP level 15. HP: 54/115 MP: 14/30
 34579 | Orc:2    | Found Fill's Distillery.
 34582 | Orc:2    | Found Ibroll's Antique Armour Boutique.
 34585 | Orc:2    | Found Bycahit's Gadget Shop.
 34586 | Orc:2    | Found Dephycej's Distillery.
 34747 | Orc:2    | Reached skill level 12 in Spellcasting
 34957 | Elf:1    | Entered Level 1 of the Elven Halls
 35028 | Orc:2    | Reached skill level 10 in Fighting
 35028 | Orc:2    | Reached skill level 10 in Short Blades
 35028 | Orc:2    | Reached skill level 10 in Long Blades
 35028 | Orc:2    | Reached skill level 10 in Axes
 35028 | Orc:2    | Reached skill level 10 in Maces & Flails
 35028 | Orc:2    | Reached skill level 10 in Polearms
 35028 | Orc:2    | Reached skill level 10 in Staves
 35028 | Orc:2    | Reached skill level 10 in Slings
 35028 | Orc:2    | Reached skill level 10 in Bows
 35028 | Orc:2    | Reached skill level 10 in Crossbows
 35028 | Orc:2    | Reached skill level 10 in Throwing
 35028 | Orc:2    | Reached skill level 10 in Armour
 35028 | Orc:2    | Reached skill level 10 in Shields
 35028 | Orc:2    | Reached skill level 10 in Unarmed Combat
 35028 | Orc:2    | Reached skill level 10 in Evocations
 37343 | Elf:1    | Learned a level 6 spell: Invisibility
 38083 | Elf:2    | Found Bodimoq's Magic Scroll Shoppe.
 38092 | Elf:2    | Bought a scroll of identify for 36 gold pieces
 38114 | Elf:2    | Found a huge runed translucent gate.
 38114 | Elf:2    | Found a huge runed translucent gate.
 38114 | Elf:2    | Found a huge runed translucent gate.
 38114 | Elf:2    | Found a huge runed translucent gate.
 38114 | Elf:2    | Found a huge runed translucent gate.
 38129 | Elf:2    | Got a crystal mace
 38136 | Elf:2    | Identified the cursed +1 mace of Connidus {vorpal, rElec
                  | Int+4} (You found it on level 2 of the Elven Halls)
 38239 | Elf:2    | Reached XP level 16. HP: 123/123 MP: 32/32
 38765 | Elf:2    | Cast into level 2 of the Abyss (+1 double sword of
                  | distortion)
 38788 | Abyss:2  | Found a corrupted altar of Lugonu.
 38833 | Abyss:2  | Gained mutation: You are very weak. (Str -4) [mutagenic
                  | glow]
 38846 | Abyss:2  | Gained mutation: Scrolls take you a little longer to read.
                  | [mutagenic glow]
 38869 | Abyss:2  | Gained mutation: [You occasionally shout uncontrollably at
                  | your foes.] [mutagenic glow]
 38930 | Abyss:2  | Gained mutation: Armour fits poorly on your strangely
                  | shaped body. [mutagenic glow]
 39081 | Abyss:2  | Noticed a tentacled starspawn
 39093 | Abyss:2  | Noticed a tentacled starspawn
 39094 | Abyss:2  | Noticed an Executioner
 39095 | Abyss:2  | Paralysed by accursed screaming for 1 turns
 39097 | Abyss:2  | Killed a tentacled starspawn
 39103 | Abyss:2  | HP: 4/124 [starcursed mass/accursed screaming (15)]
 39161 | Abyss:3  | Gained mutation: Scrolls take you longer to read.
                  | [mutagenic glow]
 39192 | Abyss:3  | Gained mutation: [You are frail. (-10% HP)] [mutagenic
                  | glow]
 39258 | Abyss:3  | Gained mutation: [Your body sometimes deteriorates upon
                  | taking damage.] [mutagenic glow]
 39280 | Abyss:3  | Gained mutation: Scrolls take you much longer to read. [a
                  | neqoxec]
 39284 | Abyss:3  | Noticed a hellephant
 39285 | Abyss:3  | Gained mutation: [You are occasionally teleported next to
                  | monsters.] [a neqoxec]
 39298 | Abyss:4  | Gained mutation: You are very dopey. (Int -4) [mutagenic
                  | glow]
 39431 | Abyss:4  | Noticed a bone dragon
 39432 | Abyss:4  | Got a clouded bronze ring
 39460 | Abyss:4  | Noticed a tentacled monstrosity
 39466 | Abyss:4  | Noticed a lich
 39549 | Abyss:4  | HP: 1/86 [starcursed mass/accursed screaming (8)]
 39553 | Abyss:4  | Slain by a tentacled monstrosity

Illustrated notes

Levels and vault maps discovered:
D:1:      ldierk_walled_garden_2, layout_loops_corners
D:2:      layout_basic, mrwooster_statue_mirror, chequers_hall_statues_corner_a,
          minmay_misc_feat_hallway, tgw_trog, uniq_natasha
D:3:      mumra_celtic_spiral_tile, layout_basic,
          chequers_temple_overflow_statue_of_worship
D:4:      layout_basic, minmay_temple_entry_butterflies, uniq_duvessa
D:5:      layout_basic, st_stairs_4
D:6:      layout_rooms, nicolae_gozag_seed_capital, vehumet_altar_wand_db,
          serial_bayou, serial_bayou_crossing, serial_bayou_lagoon_a,
          serial_bayou_pond_b, serial_bayou_pond_e, portal_sewer_entry_e
D:7:      layout_basic, lemuel_round_altar
D:8:      layout_basic, makhleb_grotto_becter
D:9:      kennysheep_ambush_hall, layout_irregular_city, dpeg_lair_monsters
D:10:     minmay_chopped_fan, layout_irregular_city,
          ebering_ghost_disaster_area, uniq_fannar
D:11:     minmay_the_grid_triangle_9x9_line_8_mashed
          [minmay_the_grid_triangle_9x9_flanged_cone,
          minmay_the_grid_triangle_9x9_swiss_cheese,
          minmay_the_grid_triangle_9x9_warning,
          minmay_the_grid_triangle_9x9_from_above,
          minmay_the_grid_triangle_9x9_minimal,
          minmay_the_grid_triangle_9x9_sprig,
          minmay_the_grid_triangle_9x9_windchime,
          minmay_the_grid_triangle_9x9_prize_insulated], layout_basic,
          serial_shops, shop, nicolae_shop_statue_plus, kennysheep_mini_moat,
          nicolae_shop_overgrown_old_shop, hangedman_pestilent_swarm,
          minmay_misc_feat_roman
D:12:     layout_loops_ring, erik_orc_3
Temple:   eino_temple_rhombus
Lair:1:   cheibrodos_lair_river_kwai, layout_regular_city, lemuel_old_faithful,
          uniq_erica
Lair:2:   layout_regular_city, elwin_shoals_entry_stream,
          infiniplex_staircase_pool_2
Lair:3:   layout_regular_city, guppyfry_snake_entry_island,
          chequers_serial_rivers_large_a, serial_bayou_shore_b
Lair:4:   layout_long_grid, nicolae_volcano_entry_hallway, lemuel_fruit_fields
Lair:5:   layout_regular_city, slime_altar_1, basic_altar, minivault_27,
          grunt_megastairs_3
Lair:6:   minmay_lair_end_frog_pond, layout_cave_pods
Snake:1:  layout_rooms
Slime:1:  layout_caves, basic_altar
Orc:1:    layout_caves, serial_shops, shop
Orc:2:    st_orc_pillars, layout_diamond_mine, portal_ice_cave_rime
Elf:1:    eino_elf_arrival_sip, layout_gridlike, kennysheep_underground_church,
          hex_medium, grunt_megastairs_4
Elf:2:    layout_loops_cross, serial_shops, shop
Abyss:4:  base: Lair:5, evilmike_abyss_exit_glass, evilmike_abyss_exit_glass,
          evilmike_abyss_exit_kraken

Skill      XL: |  1  2  3  4  5  6  7  8  9 10 11 12 13 14 15 16 |
---------------+-------------------------------------------------+-----
Conjurations   | 2 3 4 5 6 7 8 9 |  9.3
Summonings     | 2 3 4 5 6 7 8 9 |  9.3
Translocations | 2 3 4 5 6 7 8 9 |  9.3
Invocations    | 1 2 3 4 5 6 7 8 9 10 11 | 11.6
Fighting       | 1 2 3 5 6 7 8 9 10 | 10.7
Short Blades   | 1 2 3 5 6 7 8 9 10 | 10.7
Long Blades    | 1 2 3 5 6 7 8 9 10 | 10.7
Axes           | 1 2 3 5 6 7 8 9 10 | 10.7
Maces & Flails | 1 2 3 5 6 7 8 9 10 | 10.7
Polearms       | 1 2 3 5 6 7 8 9 10 | 10.7
Staves         | 1 2 3 5 6 7 8 9 10 | 10.7
Slings         | 1 2 3 5 6 7 8 9 10 | 10.7
Bows           | 1 2 3 5 6 7 8 9 10 | 10.7
Crossbows      | 1 2 3 5 6 7 8 9 10 | 10.7
Throwing       | 1 2 3 5 6 7 8 9 10 | 10.7
Armour         | 1 2 3 5 6 7 8 9 10 | 10.7
Shields        | 1 2 3 5 6 7 8 9 10 | 10.7
Unarmed Combat | 1 2 3 5 6 7 8 9 10 | 10.7
Evocations     | 1 2 3 5 6 7 8 9 10 | 10.7
Hexes          | 1 2 3 4 5 6 7 8 9 |  9.1
Necromancy     | 1 2 3 4 5 6 7 8 9 |  9.1
Transmutations | 1 2 3 4 5 6 7 8 9 |  9.1
Fire Magic     | 1 2 3 4 5 6 7 8 9 |  9.1
Ice Magic      | 1 2 3 4 5 6 7 8 9 |  9.1
Air Magic      | 1 2 3 4 5 6 7 8 9 |  9.1
Earth Magic    | 1 2 3 4 5 6 7 8 9 |  9.1
Poison Magic   | 1 2 3 4 5 6 7 8 9 |  9.1
Dodging        | 5 6 7 8 9 10 11 | 11.5
Stealth        | 5 6 7 8 9 10 11 | 11.4
Spellcasting   | 8 9 10 11 12 | 12.6

Action                   |  1- 3 |  4- 6 |  7- 9 | 10-12 | 13-15 | 16-18 || total
-------------------------+-------+-------+-------+-------+-------+-------++-------
Melee: Dagger            |    52 |    41 |       |       |       |       ||    93
       Bite              |     9 |    10 |    67 |   122 |   286 |    27 ||   521
       Hand axe          |       |    75 |   338 |   124 |       |       ||   537
       Punch             |       |     1 |     4 |       |       |       ||     5
       Scimitar          |       |       |       |   201 |       |       ||   201
       Flail             |       |       |       |   153 |       |       ||   153
       Trident           |       |       |       |    38 |  1327 |       ||  1365
       Mace              |       |       |       |       |    13 |   127 ||   140
Throw: Boomerang         |       |       |     2 |       |    19 |     7 ||    28
 Cast: Magic Dart        |    64 |   117 |   127 |    21 |   176 |     4 ||   509
       Mephitic Cloud    |       |     6 |    17 |    14 |    47 |     2 ||    86
       Blink             |       |     3 |    12 |     9 |     3 |       ||    27
       Confusing Touch   |       |       |       |     1 |       |       ||     1
       Metabolic Englaci |       |       |       |       |     3 |       ||     3
       Olgreb's Toxic Ra |       |       |       |       |    27 |     6 ||    33
       Ignite Poison     |       |       |       |       |    19 |     3 ||    22
       Ozocubu's Armour  |       |       |       |       |     8 |     5 ||    13
       Invisibility      |       |       |       |       |     3 |    13 ||    16
       Petrify           |       |       |       |       |       |     1 ||     1
       Frozen Ramparts   |       |       |       |       |       |     1 ||     1
Invok: Bend Time         |       |       |     1 |       |       |       ||     1
       Slouch            |       |       |       |     4 |     5 |       ||     9
       Step From Time    |       |       |       |     1 |       |     5 ||     6
Evoke: Wand              |       |       |       |     4 |     1 |     3 ||     8
       Condenser vane    |       |       |       |       |     1 |     1 ||     2
  Use: Scroll            |       |     5 |    12 |    11 |    17 |     7 ||    52
       Potion            |       |       |     3 |    10 |     6 |    12 ||    31
 Stab: Sleeping          |     7 |     5 |     6 |     2 |     1 |       ||    21
       Confused          |       |     2 |    20 |    13 |    25 |       ||    60
       Distracted        |       |       |     1 |     2 |     9 |     1 ||    13
       Invisible         |       |       |       |       |    20 |    18 ||    38
Armor: Robe              |     8 |     8 |    41 |    57 |   140 |    39 ||   293
       Ring mail         |       |     1 |       |       |       |       ||     1
Dodge: Dodged            |    66 |   125 |   209 |   123 |   217 |    74 ||   814
Block: Kite shield       |       |       |   186 |   668 |  1352 |   291 ||  2497
       Rpst.: Scimitar   |       |       |       |    14 |       |       ||    14
